 Dungeon Crawl Stone Soup version 0.28-a0-1555-g9ae15a6949 (webtiles) character file.

Game seed: 4674232195623288950

107 Shayle the Sneak (level 5, 0/38 HPs)
             Began as a Djinni Warper on Jan 19, 2022.
             Slain by an iguana (8 damage)
             ... on level 4 of the Dungeon.
             The game lasted 00:10:39 (4721 turns).

Shayle the Sneak (Djinni Warper)                    Turns: 4721, Time: 00:10:40

Health: 0/38       AC:  4    Str: 10    XL:     5   Next: 10%
Gold:   127        EV: 11    Int: 17    God:
                   SH:  0    Dex: 12

rFire   + + .      SeeInvis .   p - +2 dagger (vamp)
rCold   x . .      Faith    .   (no shield)
rNeg    . . .      Spirit   .   a - +0 leather armour
rPois   ∞          Reflect  .   j - +0 helmet
rElec   .          Harm     .   (no cloak)
rCorr   .          Rampage  .   (no gloves)
Will    .....                   (boots unavailable)
Stlth   ++........              (no amulet)
HPRegen 0.12/turn               (no ring)
MPRegen 0.00/turn               (no ring)

@: flying
A: sickness immunity, fire resistance 2, cold vulnerability 1, float, innate
caster, hp casting, extra vitality 1
a: no special abilities


You were on level 4 of the Dungeon.
You visited 1 branch of the dungeon, and saw 4 of its levels.

You collected 127 gold pieces.

Inventory:

Hand Weapons
 p - a +2 vampiric dagger (weapon)
 u - the +6 triple crossbow "Hirut" {elec, rPois}
   (You found it on level 4 of the Dungeon)

   Any ammunition fired from it occasionally discharges a powerful burst of
   electricity upon striking a foe.
   rPois:     It protects you from poison.
Missiles
 k - 3 atropa-tipped darts (quivered)
Armour
 a - a +0 leather armour (worn)
 j - a +0 helmet (worn)
Scrolls
 e - a scroll of noise
 l - a scroll of identify {unknown}
 n - 2 scrolls of teleportation {unknown}
 o - a scroll of holy word {unknown}
 s - a scroll of summoning {unknown}
 v - a scroll of magic mapping {unknown}
Potions
 d - a potion of lignification
 f - a potion of brilliance {unknown}
 g - a potion of might {unknown}
 i - a potion of heal wounds {unknown}
 m - a potion of degeneration {unknown}
 r - a potion of haste {unknown}
 t - a potion of berserk rage {unknown}


   Skills:
 - Level 2.0 Fighting
 - Level 0.7 Throwing
 - Level 1.0 Armour
 - Level 2.1 Dodging
 + Level 3.9 Stealth
 - Level 2.0 Unarmed Combat
 - Level 2.4 Spellcasting


You couldn't memorise any spells.
You knew the following spells:

 Your Spells              Type           Power      Damage    Failure   Level
a - Blink                 Tloc           20%        N/A       14%         2
b - Lesser Beckoning      Tloc           10%        N/A       28%         3
c - Gell's Gravitas       Tloc           10%        N/A       28%         3
d - Teleport Other        Tloc           10%        N/A       28%         3
e - Manifold Assault      Tloc           10%        N/A       95%         5
f - Shock                 Conj/Air       40%        1d5       10%         1
g - Passwall              Tmut/Erth      8%         N/A       14%         2
Your spell library was empty.

Dungeon Overview and Level Annotations

Branches:
Dungeon (4/15)
 Temple: D:4-7

Altars:
Ru
Trog

Annotations:
D:3 1 runed translucent door, hgbash's ghost, amateur OpCj


Innate Abilities, Weirdness & Mutations

You are immune to sickness and miasma.
You are immune to poison.
Your flesh is very heat resistant. (rF++)
You are vulnerable to cold. (rC-)
You float through the air rather than walking.
You learn spells naturally, not from books.
Your magical power is your life essence.
You have superior vitality. (+4 MHP)


Message History

The iguana bites you but does no damage.
You hit the iguana but do no damage.
The iguana is lightly wounded.
The iguana bites you.
You completely miss the iguana.
The iguana is lightly wounded.
The iguana bites you!
You hit the iguana.
You feel better.
The iguana is moderately wounded.
The iguana bites you.
You barely miss the iguana.
The iguana is moderately wounded.
The iguana barely misses you.
Your magical contamination has completely faded away.
Casting: Shock (safe; 10% risk of failure)
Confirm with . or Enter, or press ? or * to list all spells.
Aiming: Shock (safe; 10% risk of failure)
Press: ? - help, Shift-Dir - straight line The zap hits the iguana.
The iguana is moderately wounded.
The zap hits the iguana.
The iguana is heavily wounded.
The iguana bites you!
* * * LOW HITPOINT WARNING * * *
Okay, then.
Casting: Shock (safe; 10% risk of failure)
Confirm with . or Enter, or press ? or * to list all spells.
The spell is quite dangerous to miscast (28% risk of failure)!
Continue anyway?
Aiming: Teleport Other (quite dangerous; 28% risk of failure)
Press: ? - help, Shift-Dir - straight line You miscast Teleport Other.
You are very lightly contaminated with residual magic.
Nothing appears to happen.
* * * LOW HITPOINT WARNING * * *
The iguana closely misses you.
Okay, then.
It was a potion of cancellation.
You feel magically purged.
Your magical contamination has completely faded away.
The iguana bites you!
You die...

#.+†......'.#
#########.♣.≈l..≈.♣##
#.........♣§≈§_.≈.♣
######....#####♣§§...≈.♣##
)..............+..§....'>#
######....#####♣♣♣♣'♣♣♣♣)#
#....# #.........# #....#
###l###.....# ###### #.@.#
... #.#........... #######
#.#.##.###..... #.....#
#.#.. # ..####
##.....########.#.#.
.......##.......#.#..
.......##.#######.# ..
....#####.###...... ..#
................#


You could see an iguana.

Vanquished Creatures
  2 gnolls (D:4)
  2 adders (D:4)
  2 worms
  A dart slug (D:2)
  An orc (D:4)
  7 ball pythons
  3 endoplasms
  2 giant cockroaches (D:1)
  9 goblins
  7 hobgoblins
  4 jackals
  6 kobolds
  3 bats
  2 frilled lizards (D:1)
  7 rats
58 creatures vanquished.

Notes
Turn   | Place    | Note
-------+----------+-------------------------------------------
     0 | D:1      | Shayle the Djinni Warper began the quest for the Orb.
     0 | D:1      | Reached XP level 1. HP: 18/18 MP: 0/0
   272 | D:1      | Reached skill level 1 in Stealth
   277 | D:1      | Reached XP level 2. HP: 13/23 MP: 0/0
   768 | D:2      | Reached skill level 2 in Stealth
  1109 | D:2      | Reached XP level 3. HP: 22/28 MP: 0/0
  1109 | D:2      | Learned a level 1 spell: Shock
  1665 | D:1      | Found a faded altar of an unknown god.
  2726 | D:3      | Found a runed translucent door.
  2728 | D:3      | Noticed hgbash's ghost (amateur OpCj)
  2887 | D:3      | Reached XP level 4. HP: 33/33 MP: 0/0
  2986 | D:3      | Reached skill level 3 in Stealth
  3034 | D:3      | Noticed a moth of wrath
  3037 | D:3      | Found a bloodstained altar of Trog.
  3849 | D:4      | Identified the +6 triple crossbow "Hirut" {elec, rPois}
  3920 | D:4      | Found a sacrificial altar of Ru.
  4633 | D:4      | Reached XP level 5. HP: 36/38 MP: 0/0
  4633 | D:4      | Learned a level 2 spell: Passwall
  4721 | D:4      | Slain by an iguana

Illustrated notes

Levels and vault maps discovered:
D:1:      psy_arrival_whirlpool, layout_basic,
          hellmonk_ecumenical_altar_lost_god
D:2:      layout_basic, minmay_tromino_v4_b
D:3:      layout_basic, tgw_trog, ebering_ghost_sewer_d, minivault_4,
          minmay_large_rounded_square
D:4:      layout_basic, nemelex_spade_bored_becter,
          mainiacjoe_overflow_six_doors_small, feat_on_display

Skill      XL: |  1  2  3  4 |
---------------+-------------+-----
Stealth        | 1 2 3 |  3.9
Fighting       | |  2.0
Throwing       | |  0.7
Armour         | |  1.0
Dodging        | |  2.1
Unarmed Combat | |  2.0
Spellcasting   | |  2.4

Action                   |  1- 3 |  4- 6 || total
-------------------------+-------+-------++-------
Melee: Unarmed           |   153 |       ||   153
       Punch             |     4 |     5 ||     9
       Dagger            |     4 |   116 ||   120
Throw: Boomerang         |     3 |     2 ||     5
       Dart              |       |     2 ||     2
 Cast: Shock             |    20 |    14 ||    34
  Use: Scroll            |     2 |     1 ||     3
       Potion            |       |     3 ||     3
 Stab: Sleeping          |     3 |     1 ||     4
Armor: Leather armour    |    44 |    33 ||    77
Dodge: Dodged            |    76 |    79 ||   155

Table legend: (Time is in decaauts)
 A = Elapsed time spent in this place.
 B = Non-inter-level travel time spent in this place.
 C = Inter-level travel time spent in this place.
 D = Time resting spent in this place.
 E = Time spent auto-exploring this place.
 F = Levels seen in this place.
 G = Mean time per level.
                   A        B        C        D        E       F      G
               +--------+--------+--------+--------+--------+-----+--------+
         Total |   4717 |   4668 |     49 |   1355 |   1876 |   4 | 1179.2 |
       Dungeon |   4717 |   4668 |     49 |   1355 |   1876 |   4 | 1179.2 |
               +--------+--------+--------+--------+--------+-----+--------+

Top non-repeatable levels by time:
     D:2: 1563 daAuts
     D:3: 1398 daAuts
     D:4: 889 daAuts
     D:1: 866 daAuts
